 Dungeon Crawl Stone Soup version 0.28.0-1-gb440e238dd (webtiles) character file.

Game seed: 10053169139684689607

1556 jjjjhere the Cleaver (level 8, -6/67 HPs)
             Began as a Hill Orc Cinder Acolyte on Feb 21, 2022.
             Was a High Priest of Ignis.
             Mangled by a manticore (10 damage)
             ... on level 6 of the Dungeon.
             The game lasted 00:10:06 (7239 turns).

jjjjhere the Cleaver (Hill Orc Cinder Acolyte)      Turns: 7239, Time: 00:10:07

Health: -6/67      AC: 12    Str: 17    XL:     8   Next: 88%
Magic:  9/9        EV:  5    Int: 14    God:    Ignis [*****.]
Gold:   207        SH:  0    Dex:  8    Spells: 9/9 levels left

rFire   + . .      SeeInvis .   f - +8 frozen axe "Frostbite" {freezing cloud, *Noise Fly rC+}
rCold   + . .      Faith    .   (shield currently unavailable)
rNeg    . . .      Spirit   .   j - +0 plate armour
rPois   .          Reflect  .   (no helmet)
rElec   .          Harm     .   c - scarf {shadows}
rCorr   .          Rampage  .   p - +0 pair of gloves
Will    +....                   (no boots)
Stlth   ..........              (no amulet)
HPRegen 0.21/turn               z - ring of willpower
MPRegen 0.11/turn               (no ring)

@: flying
A: no striking features
a: Renounce Religion, Fiery Armour, Foxfire Swarm, Rising Flame


You were on level 6 of the Dungeon.
You worshipped Ignis.
Ignis was extremely pleased with you.
You visited 1 branch of the dungeon, and saw 9 of its levels.

You collected 207 gold pieces.

Inventory:

Hand Weapons
 a - a -1 hand axe of flaming
 f - the +8 frozen axe "Frostbite" (weapon) {freezing cloud, *Noise Fly rC+}
   (You acquired it on level 3 of the Dungeon)

   It freezes those it strikes, dealing additional cold damage.
   It can also slow down cold-blooded creatures.
   It occasionally leaves clouds of freezing vapour upon striking a foe.
   It grants immunity to clouds of freezing vapour.
   rC:        It protects you from cold.
   Fly:       It grants you flight.
   *Noise:    It may make noises in combat.
Missiles
 m - 8 boomerangs (quivered)
Armour
 c - a scarf of shadows (worn)
 j - a +0 plate armour (worn)
 p - a +0 pair of gloves (worn)
Jewellery
 z - a ring of willpower (left hand)
Wands
 o - a wand of polymorph (12)
 u - a wand of charming (11)
 A - a wand of flame (18)
Scrolls
 g - a scroll of holy word {unknown}
 h - 6 scrolls of identify {unknown}
 i - a scroll of fear {unknown}
 q - 2 scrolls of teleportation {unknown}
 r - 4 scrolls of magic mapping {unknown}
 s - a scroll of fog {unknown}
 t - a scroll of enchant weapon {unknown}
 v - a scroll of immolation {unknown}
 y - a scroll of amnesia {unknown}
 B - a scroll of noise {unknown}
 D - a scroll of acquirement
Potions
 k - 3 potions of flight {unknown}
 l - 2 potions of haste {unknown}
 n - 3 potions of resistance {unknown}
 w - a potion of mutation {unknown}
 x - 3 potions of heal wounds {unknown}
 C - a potion of attraction {unknown}


   Skills:
 - Level 4.7 Fighting
 * Level 13.7 Axes
 - Level 2.1 Armour
 - Level 1.0 Spellcasting
 - Level 3.2 Fire Magic


You had 9 spell levels left.
You didn't know any spells.
Your spell library contained the following spells:

 Spells                   Type           Power      Damage    Failure   Level
 Scorch                   Fire           18%        2d6       99%         2
 Shock                    Conj/Air       0%         1d3       100%        1
 Sublimation of Blood     Necr           0%         N/A       100%        2
 Wereblood                Tmut           0%         N/A       100%        2
 Ignite Poison            Fire/Tmut/Pois 3%         N/A       100%        3
 Mephitic Cloud           Conj/Pois/Air  0%         N/A       100%        3
 Swiftness                Air            0%         N/A       100%        3
 Tukima's Dance           Hex            0%         N/A       100%        3
 Airstrike                Air            0%         N/A       100%        4
 Anguish                  Hex/Necr       0%         N/A       100%        4
 Freezing Cloud           Conj/Ice/Air   0%         6-21      100%        5
 Enfeeble                 Hex            0%         N/A       100%        7
 Summon Hydra             Summ           0%         N/A       100%        7


Dungeon Overview and Level Annotations

Branches:
Dungeon (9/15)             Temple (0/1) D:5
   Lair: D:8-11         Orc: D:9-12

Altars:
Xom

Shops:
D:1 !   D:3 [

Annotations:
D:6 1 runed translucent door, Crazy Yiuf


Message History

Press: ? - help, Shift-Dir - straight line, f/p - manticore
Aim: a manticore (chance to affect: 31%)
The manticore easily resists.
Aiming: Charm
Press: ? - help, Shift-Dir - straight line, f/p - manticore
Aim: a manticore (chance to affect: 31%)
The manticore is charmed.
The barbs in your skin will harm you if you move.
Continue?
Okay, then.
Unknown command.
You carefully extract the barbed spikes from your body.
There is a stone staircase leading up here.
You fly upwards.
Level annotation: 1 runed translucent door, Crazy Yiuf
There is a stone staircase leading down here.
Unknown command.
You start resting.
The manticore is no longer charmed.
The manticore completely misses you. The manticore claws you!
The manticore claws you.
You hit the manticore. You freeze the manticore.
The manticore is lightly wounded.
The manticore bites you!
The manticore claws you but does no damage.
The manticore claws you.
You slash the manticore! You freeze the manticore.
The manticore is moderately wounded.
The manticore completely misses you. The manticore barely misses you.
The manticore claws you! The manticore bites you!
* * * LOW HITPOINT WARNING * * *
The manticore claws you.
* * * LOW HITPOINT WARNING * * *
The manticore claws you but does no damage.
Okay, then.
You slice the manticore!! You freeze the manticore.
The manticore is severely wounded.
The manticore bites you!
* * * LOW HITPOINT WARNING * * *
The manticore claws you but does no damage.
The manticore claws you!
You die...

##.###..#.....####
#.................
#..###..#.########
#..#....#.........
#..#......######..
#####.....#.#.######.#
#.........#.#.........
#.###.#####.#######...
#.# #@H...............
#.# #######.....###.##
#.# #######.....'.(.#
#.# #.....#.....######
###'###.....#.....#
#..
#...........#.....#
#.#
#..[..............#
#..
##.................#
###
#.....###..........#


You could see a manticore.

Vanquished Creatures
  2 water moccasins (D:4)
  A sky beast (D:6)
  An ogre (D:6)
  A black bear (D:5)
  A necrophage (D:6)
  2 centaurs (D:6)
  A bullfrog (D:6)
  3 scorpions
  A wyvern skeleton (D:6)
  A howler monkey (D:3)
  3 hounds
  A gnoll shaman (D:4)
  2 centaur skeletons
  2 orc wizards
  An iguana (D:6)
  A hound skeleton (D:5)
  A howler monkey zombie (D:6)
  7 adders
  5 gnolls
  3 adder skeletons
  3 adder zombies
  3 worms
  2 dart slugs
  10 orcs
  7 bats
  9 endoplasms
  A giant cockroach (D:3)
  5 goblins
  8 hobgoblins
  4 jackals
  4 kobolds
  3 quokkas
  2 ball pythons (D:2)
  A ball python zombie (D:3)
  3 frilled lizards (D:1)
  A quokka zombie (D:3)
  5 rats
111 creatures vanquished.

Vanquished Creatures (collateral kills)
  A gnoll (D:4)
1 creature vanquished.

Vanquished Creatures (others)
  A fungus (D:1)
  7 plants (D:3)
  A withered plant (D:3)
9 creatures vanquished.

Grand Total: 121 creatures vanquished

Notes
Turn   | Place    | Note
-------+----------+-------------------------------------------
     0 | D:1      | jjjjhere the Hill Orc Cinder Acolyte began the quest for
                  | the Orb.
     0 | D:1      | Reached XP level 1. HP: 19/19 MP: 2/2
   545 | D:1      | Reached XP level 2. HP: 27/27 MP: 3/3
   848 | D:1      | Found Foireoz's Distillery.
   879 | D:1      | Reached skill level 5 in Axes
   901 | D:1      | Reached XP level 3. HP: 27/33 MP: 4/4
  1037 | D:1      | Found a faded altar of an unknown god.
  1325 | D:2      | Reached skill level 1 in Armour
  1370 | D:2      | Reached XP level 4. HP: 38/40 MP: 5/5
  2054 | D:2      | Reached skill level 6 in Axes
  2253 | D:3      | Found Gerufaod's Antique Armour Boutique.
  2461 | D:3      | Reached XP level 5. HP: 41/47 MP: 6/6
  2614 | D:3      | HP: 13/47 [orc (5)]
  3010 | D:3      | Identified a scroll of acquirement
  3010 | D:3      | Acquired the +8 frozen axe "Frostbite" {freezing cloud,
                  | *Noise Fly rC+}
  3010 | D:3      | Found the +8 frozen axe "Frostbite" {freezing cloud, *Noise
                  | Fly rC+}
  3544 | D:4      | Reached skill level 7 in Axes
  3681 | D:4      | Noticed a water moccasin
  3692 | D:4      | HP: 15/47 [poisoned by a water moccasin]
  3697 | D:4      | HP: 8/47 [poisoned by a water moccasin]
  4163 | D:4      | Reached XP level 6. HP: 53/53 MP: 7/7
  4237 | D:4      | Noticed a water moccasin
  4247 | D:4      | Killed a water moccasin
  4248 | D:4      | Reached skill level 8 in Axes
  4303 | D:4      | Killed a water moccasin
  4304 | D:4      | Reached skill level 9 in Axes
  4304 | D:4      | Reached XP level 7. HP: 60/60 MP: 8/8
  4655 | D:5      | Entered Level 5 of the Dungeon
  4956 | D:5      | Reached skill level 10 in Axes
  5051 | D:5      | Found a staircase to the Ecumenical Temple.
  5764 | D:6      | Reached skill level 11 in Axes
  5780 | D:6      | Reached XP level 8. HP: 67/67 MP: 9/9
  5968 | D:6      | HP: 22/67 [ogre (22)]
  5970 | D:6      | Reached skill level 12 in Axes
  6267 | D:6      | HP: 21/67 [poisoned by a scorpion]
  6272 | D:6      | HP: 15/67 [poisoned by a scorpion]
  6682 | D:6      | Found a shimmering altar of Xom.
  6760 | D:6      | Reached skill level 13 in Axes
  6911 | D:6      | You are sucked into a shaft and drop 3 floors!
  7093 | D:6      | Found a runed translucent door.
  7094 | D:6      | Noticed Crazy Yiuf
  7096 | D:6      | Found the +6 shillelagh "Devastator" {shatter}
  7211 | D:7      | Noticed a manticore
  7238 | D:6      | HP: 18/67 [manticore (11)]
  7239 | D:6      | HP: 4/67 [manticore (9)]
  7239 | D:6      | Mangled by a manticore

Illustrated notes

Levels and vault maps discovered:
D:1:      elethiomel_arrival_infinity_welcomes_careful_drivers, layout_basic,
          serial_shops, nicolae_shop_crystal,
          shapermc_ecumenical_altar_mp_ritualfount
D:2:      minmay_evil_eye, layout_basic
D:3:      cheibrodos_old_hovel, layout_loops_cross, serial_undead,
          serial_undead_e, serial_undead_e, serial_undead_a, serial_undead_f,
          serial_shops, nicolae_shop_hallway_plus
D:4:      layout_cave_pods
D:5:      layout_basic, minmay_temple_entry_hall, minmay_misc_feat_square
D:6:      layout_basic, xom_teletrap_fun, uniq_crazy_yiuf_cottage
D:7:      layout_gridville, serial_shops, nicolae_shop_trees,
          kennysheep_generic_room_10
D:8:      layout_loops_cross, dpeg_lair_monsters, minmay_fire_ice_demons,
          uniq_joseph, uniq_maurice
D:9:      layout_loops_ring, david_orc_1_choice, nrook_uturn

Skill      XL: |  1  2  3  4  5  6  7  8 |
---------------+-------------------------+-----
Fighting       | 4 |  4.7
Axes           | 5 6 7 9 11 13 | 13.7
Armour         | 1 2 |  2.1
Spellcasting   | |  1.0
Fire Magic     | |  3.2

Action                   |  1- 3 |  4- 6 |  7- 9 || total
-------------------------+-------+-------+-------++-------
Melee: Hand axe          |   106 |   125 |       ||   231
       Punch             |     1 |     2 |       ||     3
       Executioner's axe |       |    32 |    87 ||   119
Throw: Boomerang         |       |     2 |     3 ||     5
Invok: Fiery Armour      |       |       |     1 ||     1
Evoke: Wand              |       |     2 |     5 ||     7
  Use: Scroll            |       |     1 |       ||     1
Armor: Ring mail         |    12 |       |       ||    12
       Leather armour    |     1 |       |       ||     1
       Plate armour      |    39 |   147 |    75 ||   261
Dodge: Dodged            |    36 |    55 |    28 ||   119
